AoeStats
← Afuera! Afuera! Afuera!

Arabian Desert

510869026Analyzed
1v1 RM · 15h ago on Oct 2, 2026· 16m 13s· 2 players
Game mode
Random Map
Map size
Tiny (2 player)
Population
200
Speed
Normal
Resources
Standard
Victory
Conquest
Starting age
Dark Age
Ending age
Imperial Age
RankedLock teamsTeams togetherTeam positionsShared explorationLock speedFull tech treeHidden civsTurbo modeCheats
Victory
Defeat
🇫🇷 Mongols · France
964
+17
🇺🇸 Magyars · United States
987
-17
Afuera! Afuera! Afuera!
1:30 Loom
10:51 Feudal Age
12:29 Wheelbarrow
16:07 Castle Age
14:09 Double-Bit Axe
15:50 Horse Collar
16:25 Scale Barding Armor
Morgan Wyrd
5:12 Loom
13:53 Feudal Age
15:19 Wheelbarrow
15:15 Man-at-Arms
Connection lost

Rejoining the realm…

Still unreachable

The connection could not be restored.

Session expired

The server has moved on; the page needs a fresh start.